[ PARTIDA AOE2 · #474864071 ]
UnrankedMongoles vs Japanese
[ ANÁLISIS DE REPETICIÓN · EXTRAÍDO DE LA PARTIDA GRABADA ]
Feudal
9:41
Castillos
13:22
Imperial
—
| APM promedio | 24.5 |
| APM pico | 61 |
| eAPM promedio | 10.5 |
| Aldeanos / militares | 32 / 5 |
Foco
⚔️ 17.3% · 🌾 82.7%
Mangudai ×5
Feudal
11:22
Castillos
16:11
Imperial
—
| APM promedio | 54.8 |
| APM pico | 85 |
| eAPM promedio | 27.2 |
| Aldeanos / militares | 42 / 31 |
Foco
⚔️ 35.4% · 🌾 64.6%
Knight ×22 · Scout Cavalry ×9
Feudal
10:08
Castillos
13:38
Imperial
—
| APM promedio | 39.5 |
| APM pico | 75 |
| eAPM promedio | 14.1 |
| Aldeanos / militares | 41 / 11 |
Foco
⚔️ 21.5% · 🌾 78.5%
Cavalry Archer ×11
Feudal
9:53
Castillos
—
Imperial
—
| APM promedio | 26.8 |
| APM pico | 47 |
| eAPM promedio | 9.5 |
| Aldeanos / militares | 32 / 14 |
Foco
⚔️ 26.0% · 🌾 74.0%
Militia ×9 · Archer ×5
Feudal
11:32
Castillos
18:50
Imperial
—
| APM promedio | 43.6 |
| APM pico | 79 |
| eAPM promedio | 17.2 |
| Aldeanos / militares | 43 / 23 |
Foco
⚔️ 39.9% · 🌾 60.1%
Archer ×23
Feudal
10:11
Castillos
—
Imperial
—
| APM promedio | 28.9 |
| APM pico | 45 |
| eAPM promedio | 14.0 |
| Aldeanos / militares | 40 / 11 |
Foco
⚔️ 19.9% · 🌾 80.1%
Serjeant ×11
Mapa de la partida
Recursos iniciales + cada clic de construcción. Líneas = muros · curvas = relieve. ◆ oro · ⬟ piedra · ● bayas · ✦ reliquia · ◌ hueco del cierre
Tu base· ✓ Cerrada en 13:22 · 0t muro · 3 puerta(s)
Base de |FMG| Lautreamont· ✓ Cerrada en 16:11 · 0t muro · 2 puerta(s)
Base de Krislar· ✓ Cerrada en 13:38 · 0t muro · 2 puerta(s)
Base de Nozyspy· ✓ Cerrada en 12:00 · 0t muro · 2 puerta(s)
Base de |FMG| Gral_Artigas· ✓ Cerrada en 18:50 · 16t muro · 4 puerta(s)
Base de squoshmosh· ✓ Cerrada en 20:23 · 0t muro · 4 puerta(s)
Terreno inicial suavizado · ◌ = hueco del cierre detectado · pasá el cursor para detalles
Inputs por minuto
— |FMG|DavidTG - - |FMG| Lautreamont
Build order — |FMG|DavidTG
71 acciones detectadas en el replay
| 0:01 | Crear | Villager (Male) |
| 0:02 | Construir | House |
| 0:04 | Construir | House |
| 0:07 | Crear | Villager (Male) |
| 0:07 | Crear | Villager (Male) |
| 0:08 | Crear | Villager (Male) |
| 0:08 | Crear | Villager (Male) |
| 1:32 | Crear | Villager (Male) |
| 1:32 | Crear | Villager (Male) |
| 1:52 | Construir | Lumber Camp |
| 2:02 | Crear | Villager (Male) |
| 2:03 | Crear | Villager (Male) |
| 2:14 | Crear | Villager (Male) |
| 2:14 | Crear | Villager (Male) |
| 2:45 | Crear | Villager (Male) |
| 3:16 | Crear | Villager (Male) |
| 3:17 | Crear | Villager (Male) |
| 3:17 | Crear | Villager (Male) |
| 3:45 | Crear | Villager (Male) |
| 3:48 | Construir | House |
| 3:59 | Crear | Villager (Male) |
| 4:11 | Crear | Villager (Male) |
| 4:31 | Crear | Villager (Male) |
| 4:37 | Construir | House |
| 4:39 | Crear | Villager (Male) |
| 5:03 | Crear | Villager (Male) |
| 5:06 | Construir | Mill |
| 5:38 | Crear | Villager (Male) |
| 5:50 | Crear | Villager (Male) |
| 6:19 | Crear | Villager (Male) |
| 6:45 | Construir | Mining Camp |
| 7:16 | Investigar | Feudal Age |
| 9:41 | Edad | Edad Feudal |
| 9:43 | Construir | Market |
| 9:47 | Construir | Blacksmith |
| 10:18 | Construir | House |
| 10:42 | Investigar | Castle Age |
| 10:52 | Construir | House |
| 10:54 | Construir | House |
| 11:05 | Crear | Villager (Male) |
| 11:09 | Construir | House |
| 11:16 | Construir | House |
| 11:24 | Construir | House |
| 11:29 | Construir | House |
| 11:34 | Crear | Villager (Male) |
| 12:30 | Construir | Mining Camp |
| 12:37 | Construir | Watch Tower |
| 12:45 | Construir | House |
| 12:58 | Construir | House |
| 13:02 | Construir | House |
| 13:09 | Construir | Gate |
| 13:22 | Construir | House |
| 13:22 | Edad | Edad de los Castillos |
| 13:23 | Crear | Villager (Male) |
| 13:32 | Construir | House |
| 13:36 | Construir | House |
| 13:40 | Crear | Villager (Male) |
| 13:48 | Crear | Villager (Male) |
| 14:24 | Crear | Villager (Male) |
| 14:40 | Construir | Farm |
| 15:11 | Construir | Castle |
| 15:38 | Construir | Palisade Wall |
| 15:42 | Crear | Villager (Male) |
| 15:52 | Construir | Palisade Wall |
| 16:31 | Crear | Mangudai |
| 16:52 | Construir | Farm |
| 17:00 | Crear | Villager (Male) |
| 17:27 | Crear | Mangudai |
| 17:27 | Crear | Mangudai |
| 17:48 | Crear | Mangudai |
| 17:48 | Crear | Mangudai |
Build order — |FMG| Lautreamont
113 acciones detectadas en el replay
| 0:02 | Crear | Villager (Male) |
| 0:02 | Crear | Villager (Male) |
| 0:02 | Crear | Villager (Male) |
| 0:03 | Crear | Villager (Male) |
| 0:03 | Crear | Villager (Male) |
| 0:04 | Construir | House |
| 0:05 | Construir | House |
| 1:29 | Crear | Villager (Male) |
| 1:58 | Crear | Villager (Male) |
| 2:04 | Crear | Villager (Male) |
| 2:30 | Crear | Villager (Male) |
| 3:00 | Construir | House |
| 3:01 | Construir | House |
| 3:07 | Crear | Villager (Male) |
| 3:07 | Crear | Villager (Male) |
| 3:48 | Crear | Villager (Male) |
| 3:49 | Crear | Villager (Male) |
| 4:03 | Crear | Villager (Male) |
| 4:25 | Crear | Villager (Male) |
| 4:40 | Construir | House |
| 4:41 | Construir | House |
| 4:47 | Crear | Villager (Male) |
| 5:01 | Crear | Villager (Male) |
| 6:00 | Crear | Villager (Male) |
| 6:05 | Construir | Mill |
| 6:19 | Crear | Villager (Male) |
| 6:37 | Crear | Villager (Male) |
| 6:42 | Construir | Farm |
| 6:46 | Construir | Farm |
| 6:51 | Crear | Villager (Male) |
| 6:59 | Crear | Villager (Male) |
| 7:28 | Crear | Villager (Male) |
| 7:36 | Construir | Farm |
| 7:37 | Construir | Farm |
| 8:01 | Crear | Villager (Male) |
| 8:25 | Investigar | Feudal Age |
| 8:56 | Construir | Mule Cart |
| 10:59 | Construir | Barracks |
| 11:01 | Crear | Villager (Male) |
| 11:21 | Construir | House |
| 11:22 | Edad | Edad Feudal |
| 11:32 | Investigar | Double-Bit Axe |
| 11:33 | Crear | Villager (Male) |
| 11:41 | Construir | Stable |
| 11:49 | Investigar | Horse Collar |
| 11:49 | Investigar | Horse Collar |
| 11:49 | Crear | Villager (Male) |
| 12:17 | Construir | Farm |
| 12:19 | Construir | House |
| 12:24 | Crear | Scout Cavalry |
| 12:24 | Crear | Scout Cavalry |
| 12:25 | Crear | Scout Cavalry |
| 12:29 | Crear | Villager (Male) |
| 12:45 | Construir | Blacksmith |
| 12:55 | Crear | Villager (Male) |
| 13:08 | Crear | Scout Cavalry |
| 13:13 | Construir | Farm |
| 13:31 | Investigar | Castle Age |
| 13:35 | Construir | Mule Cart |
| 13:43 | Crear | Scout Cavalry |
| 14:20 | Crear | Scout Cavalry |
| 14:21 | Crear | Scout Cavalry |
| 14:24 | Construir | Stable |
| 14:46 | Crear | Scout Cavalry |
| 14:46 | Crear | Scout Cavalry |
| 15:01 | Construir | Farm |
| 15:03 | Construir | Farm |
| 15:04 | Construir | Farm |
| 15:08 | Construir | House |
| 15:09 | Construir | House |
| 15:53 | Construir | Farm |
| 15:54 | Construir | Farm |
| 15:55 | Construir | Farm |
| 15:55 | Construir | Farm |
| 16:05 | Crear | Villager (Male) |
| 16:11 | Edad | Edad de los Castillos |
| 16:14 | Crear | Knight ×5 |
| 16:14 | Crear | Knight ×5 |
| 16:20 | Construir | House |
| 16:28 | Construir | Farm |
| 16:31 | Construir | House |
| 16:32 | Crear | Villager (Male) |
| 17:00 | Crear | Knight |
| 17:00 | Crear | Knight |
| 17:21 | Crear | Knight |
| 17:25 | Crear | Villager (Male) |
| 17:25 | Crear | Villager (Male) |
| 17:28 | Construir | Farm |
| 17:28 | Construir | Farm |
| 17:44 | Crear | Knight |
| 17:50 | Crear | Villager (Male) |
| 17:52 | Construir | Farm |
| 17:53 | Construir | Farm |
| 17:54 | Construir | Farm |
| 18:11 | Crear | Villager (Male) |
| 18:11 | Crear | Villager (Male) |
| 18:13 | Construir | Farm |
| 18:13 | Construir | Farm |
| 18:15 | Construir | House |
| 18:16 | Construir | House |
| 18:26 | Crear | Knight |
| 18:41 | Crear | Villager (Male) |
| 18:47 | Crear | Villager (Male) |
| 18:47 | Crear | Villager (Male) |
| 19:27 | Crear | Villager (Male) |
| 19:29 | Construir | House |
| 19:39 | Construir | Siege Workshop |
| 19:44 | Crear | Knight ×3 |
| 19:45 | Crear | Knight ×3 |
| 19:54 | Crear | Villager (Male) |
| 20:05 | Construir | Siege Workshop |
| 20:21 | Crear | Villager (Male) |
| 20:25 | Crear | Knight |
Build order — Krislar
98 acciones detectadas en el replay
| 0:03 | Crear | Villager (Male) |
| 0:03 | Crear | Villager (Male) |
| 0:03 | Crear | Villager (Male) |
| 0:04 | Construir | House |
| 0:06 | Construir | House |
| 0:08 | Crear | Villager (Male) |
| 1:28 | Crear | Villager (Male) |
| 2:05 | Construir | Lumber Camp |
| 2:06 | Crear | Villager (Male) |
| 2:27 | Crear | Villager (Male) |
| 2:46 | Crear | Villager (Male) |
| 3:08 | Crear | Villager (Male) |
| 3:20 | Crear | Villager (Male) |
| 3:38 | Construir | House |
| 3:44 | Construir | House |
| 3:50 | Crear | Villager (Male) |
| 4:14 | Crear | Villager (Male) |
| 4:35 | Crear | Villager (Male) |
| 4:41 | Construir | Mill |
| 5:21 | Crear | Villager (Male) |
| 5:21 | Crear | Villager (Male) |
| 5:43 | Crear | Villager (Male) |
| 5:47 | Construir | House |
| 6:01 | Crear | Villager (Male) |
| 6:27 | Crear | Villager (Male) |
| 7:12 | Crear | Villager (Male) |
| 7:36 | Construir | Mining Camp |
| 7:48 | Investigar | Feudal Age |
| 8:11 | Crear | Villager (Male) |
| 8:11 | Crear | Villager (Male) |
| 9:09 | Construir | Barracks |
| 10:08 | Edad | Edad Feudal |
| 10:10 | Construir | Archery Range |
| 10:11 | Construir | Blacksmith |
| 10:53 | Investigar | Castle Age |
| 11:07 | Construir | Lumber Camp |
| 11:32 | Construir | Farm |
| 11:36 | Construir | Farm |
| 11:43 | Investigar | Double-Bit Axe |
| 12:10 | Investigar | Horse Collar |
| 12:24 | Construir | Farm |
| 12:43 | Construir | House |
| 12:53 | Investigar | Gold Mining |
| 13:00 | Construir | Farm |
| 13:14 | Construir | Farm |
| 13:19 | Investigar | Loom |
| 13:25 | Crear | Villager (Male) |
| 13:38 | Edad | Edad de los Castillos |
| 13:43 | Crear | Cavalry Archer |
| 13:56 | Crear | Villager (Male) |
| 14:02 | Construir | Farm |
| 14:05 | Construir | Farm |
| 14:08 | Crear | Cavalry Archer |
| 14:10 | Crear | Villager (Male) |
| 14:39 | Crear | Cavalry Archer |
| 14:53 | Crear | Villager (Male) |
| 14:56 | Construir | House |
| 15:00 | Investigar | Loom |
| 15:01 | Investigar | Bow Saw |
| 15:18 | Investigar | Fletching |
| 15:25 | Crear | Villager (Male) |
| 15:28 | Crear | Cavalry Archer |
| 15:56 | Crear | Villager (Male) |
| 16:15 | Crear | Cavalry Archer |
| 16:16 | Crear | Villager (Male) |
| 16:30 | Crear | Villager (Male) |
| 16:36 | Construir | House |
| 16:41 | Construir | Farm |
| 16:43 | Construir | Farm |
| 16:43 | Construir | Farm |
| 16:44 | Construir | Farm |
| 16:50 | Construir | Farm |
| 16:52 | Crear | Villager (Male) |
| 16:56 | Construir | Archery Range |
| 17:15 | Construir | House |
| 17:15 | Construir | House |
| 17:26 | Construir | Farm |
| 17:29 | Crear | Villager (Male) |
| 17:31 | Crear | Cavalry Archer |
| 17:47 | Investigar | Bodkin Arrow |
| 18:19 | Crear | Villager (Male) |
| 18:27 | Crear | Villager (Male) |
| 18:42 | Crear | Villager (Male) |
| 19:21 | Crear | Villager (Male) |
| 19:25 | Construir | Lumber Camp |
| 19:27 | Construir | Stable |
| 19:40 | Crear | Villager (Male) |
| 19:41 | Investigar | Padded Archer Armor |
| 19:58 | Crear | Villager (Male) |
| 20:03 | Crear | Villager (Male) |
| 20:07 | Crear | Cavalry Archer |
| 20:07 | Crear | Cavalry Archer |
| 20:12 | Crear | Villager (Male) |
| 20:32 | Crear | Villager (Male) |
| 20:39 | Crear | Cavalry Archer |
| 20:39 | Crear | Cavalry Archer |
| 20:40 | Crear | Cavalry Archer |
| 20:40 | Crear | Villager (Male) |
Build order — Nozyspy
80 acciones detectadas en el replay
| 0:03 | Crear | Villager (Male) ×4 |
| 0:05 | Construir | House |
| 0:08 | Construir | House |
| 1:34 | Crear | Villager (Male) |
| 1:57 | Crear | Villager (Male) |
| 2:31 | Crear | Villager (Male) |
| 2:55 | Construir | Lumber Camp |
| 3:24 | Crear | Villager (Male) |
| 3:24 | Crear | Villager (Male) |
| 3:25 | Crear | Villager (Male) |
| 3:59 | Crear | Villager (Male) |
| 3:59 | Crear | Villager (Male) |
| 4:17 | Construir | House |
| 4:18 | Construir | House |
| 4:28 | Crear | Villager (Male) |
| 5:02 | Crear | Villager (Male) |
| 5:26 | Crear | Villager (Male) |
| 5:53 | Crear | Villager (Male) |
| 6:23 | Crear | Villager (Male) |
| 6:23 | Crear | Villager (Male) |
| 6:28 | Investigar | Loom |
| 6:48 | Construir | Mill |
| 7:43 | Investigar | Feudal Age |
| 8:07 | Construir | Mining Camp |
| 9:17 | Crear | Villager (Male) |
| 9:17 | Crear | Villager (Male) |
| 9:48 | Construir | Barracks |
| 9:52 | Crear | Villager (Male) |
| 9:53 | Edad | Edad Feudal |
| 10:10 | Construir | Watch Tower |
| 10:36 | Construir | Mining Camp |
| 10:57 | Construir | House |
| 11:05 | Crear | Villager (Male) |
| 11:05 | Crear | Villager (Male) |
| 11:56 | Construir | Archery Range |
| 12:10 | Investigar | Man-at-Arms (upgrade) |
| 12:12 | Investigar | Arson |
| 12:16 | Crear | Villager (Male) |
| 12:17 | Crear | Villager (Male) |
| 12:58 | Construir | Blacksmith |
| 13:01 | Crear | Militia |
| 13:01 | Crear | Militia |
| 13:01 | Crear | Militia |
| 13:02 | Crear | Militia |
| 13:32 | Crear | Archer |
| 14:02 | Construir | House |
| 14:10 | Crear | Archer |
| 14:41 | Crear | Archer |
| 15:03 | Crear | Militia |
| 15:48 | Crear | Militia |
| 15:51 | Crear | Archer |
| 16:00 | Crear | Villager (Male) |
| 16:00 | Crear | Villager (Male) |
| 16:07 | Construir | House |
| 16:07 | Construir | House |
| 16:08 | Construir | House |
| 16:22 | Crear | Archer |
| 16:32 | Construir | Farm |
| 16:39 | Construir | Farm |
| 16:39 | Construir | Farm |
| 16:39 | Construir | Farm |
| 16:39 | Construir | Farm |
| 16:39 | Construir | Farm |
| 16:41 | Construir | Farm |
| 16:44 | Crear | Villager (Male) |
| 16:44 | Crear | Villager (Male) |
| 16:47 | Crear | Militia |
| 16:54 | Investigar | Fletching |
| 17:05 | Construir | House |
| 17:08 | Construir | House |
| 17:09 | Construir | House |
| 17:20 | Crear | Militia |
| 17:42 | Construir | Gate |
| 17:48 | Investigar | Scale Mail Armor |
| 17:51 | Crear | Militia |
| 18:07 | Crear | Villager (Male) |
| 18:07 | Crear | Villager (Male) |
| 18:37 | Construir | Watch Tower |
| 18:44 | Construir | Palisade Wall |
| 19:35 | Crear | Villager (Male) |
Build order — |FMG| Gral_Artigas
109 acciones detectadas en el replay
| 0:03 | Crear | Villager (Male) |
| 0:03 | Crear | Villager (Male) |
| 0:03 | Crear | Villager (Male) |
| 0:03 | Crear | Villager (Male) |
| 0:04 | Construir | House |
| 0:08 | Construir | House |
| 1:34 | Crear | Villager (Male) |
| 1:34 | Crear | Villager (Male) |
| 1:34 | Crear | Villager (Male) |
| 1:51 | Crear | Villager (Male) |
| 1:52 | Crear | Villager (Male) |
| 1:52 | Crear | Villager (Male) |
| 2:22 | Crear | Villager (Male) |
| 2:23 | Crear | Villager (Male) |
| 2:51 | Crear | Villager (Male) |
| 2:52 | Crear | Villager (Male) |
| 2:52 | Crear | Villager (Male) |
| 3:20 | Crear | Villager (Male) |
| 3:56 | Construir | Lumber Camp |
| 4:01 | Crear | Villager (Male) |
| 4:01 | Crear | Villager (Male) |
| 4:02 | Crear | Villager (Male) |
| 4:20 | Construir | House |
| 4:29 | Crear | Villager (Male) |
| 4:54 | Crear | Villager (Male) |
| 5:02 | Construir | House |
| 5:35 | Construir | House |
| 5:46 | Crear | Villager (Male) |
| 6:30 | Crear | Villager (Male) |
| 6:55 | Crear | Villager (Male) |
| 7:05 | Construir | Mill |
| 7:17 | Crear | Villager (Male) |
| 7:40 | Crear | Villager (Male) |
| 7:51 | Construir | Farm |
| 8:16 | Construir | Farm |
| 8:18 | Crear | Villager (Male) |
| 8:19 | Crear | Villager (Male) |
| 8:47 | Construir | Mining Camp |
| 9:01 | Investigar | Feudal Age |
| 9:43 | Construir | Barracks |
| 10:41 | Crear | Villager (Male) |
| 10:47 | Construir | Farm |
| 11:09 | Construir | House |
| 11:16 | Construir | Palisade Wall |
| 11:32 | Edad | Edad Feudal |
| 11:40 | Construir | Watch Tower |
| 11:49 | Crear | Villager (Male) |
| 11:55 | Construir | Archery Range |
| 12:01 | Construir | Blacksmith |
| 12:16 | Investigar | Loom |
| 12:22 | Construir | House |
| 12:28 | Construir | House |
| 12:35 | Construir | House |
| 12:39 | Crear | Archer |
| 12:52 | Construir | Palisade Gate |
| 12:53 | Construir | Palisade Wall |
| 13:04 | Crear | Archer |
| 13:09 | Crear | Villager (Male) |
| 13:09 | Crear | Villager (Male) |
| 13:21 | Investigar | Fletching |
| 13:25 | Crear | Archer |
| 13:38 | Crear | Villager (Male) |
| 13:48 | Construir | Mining Camp |
| 14:21 | Crear | Archer |
| 14:22 | Crear | Villager (Male) |
| 14:26 | Construir | House |
| 14:32 | Crear | Villager (Male) |
| 14:34 | Investigar | Double-Bit Axe |
| 14:36 | Crear | Archer |
| 14:36 | Crear | Archer |
| 15:02 | Construir | House |
| 15:02 | Crear | Villager (Male) |
| 15:05 | Construir | Farm |
| 15:20 | Crear | Villager (Male) |
| 15:44 | Crear | Villager (Male) |
| 15:46 | Construir | Farm |
| 16:08 | Investigar | Castle Age |
| 16:09 | Crear | Villager (Male) |
| 16:10 | Crear | Villager (Male) |
| 16:21 | Crear | Archer |
| 16:21 | Crear | Archer |
| 16:34 | Construir | Farm |
| 16:44 | Crear | Archer |
| 16:54 | Construir | Palisade Wall |
| 17:00 | Crear | Archer |
| 17:00 | Crear | Archer |
| 17:02 | Construir | Farm |
| 17:20 | Crear | Archer |
| 17:21 | Crear | Villager (Male) |
| 17:39 | Crear | Archer |
| 17:45 | Construir | Archery Range |
| 18:04 | Crear | Archer |
| 18:05 | Crear | Villager (Male) |
| 18:08 | Construir | Farm |
| 18:17 | Crear | Archer |
| 18:31 | Construir | Lumber Camp |
| 18:50 | Edad | Edad de los Castillos |
| 18:54 | Investigar | Bodkin Arrow |
| 19:02 | Construir | Farm |
| 19:28 | Crear | Archer |
| 19:28 | Crear | Archer |
| 19:28 | Crear | Archer |
| 19:52 | Investigar | Crossbowman (upgrade) |
| 19:57 | Crear | Archer |
| 19:57 | Crear | Archer |
| 19:57 | Crear | Archer |
| 20:17 | Crear | Villager (Male) |
| 20:32 | Crear | Archer |
| 20:32 | Crear | Archer |
Build order — squoshmosh
97 acciones detectadas en el replay
| 0:03 | Crear | Villager (Male) ×4 |
| 0:04 | Construir | House |
| 0:06 | Construir | House |
| 1:30 | Crear | Villager (Male) |
| 1:48 | Construir | Lumber Camp |
| 1:59 | Crear | Villager (Male) |
| 2:25 | Crear | Villager (Male) |
| 2:57 | Crear | Villager (Male) |
| 2:58 | Crear | Villager (Male) |
| 3:45 | Crear | Villager (Male) |
| 3:52 | Construir | House |
| 3:57 | Crear | Villager (Male) |
| 4:19 | Construir | Mill |
| 4:19 | Crear | Villager (Male) |
| 4:45 | Crear | Villager (Male) |
| 4:45 | Crear | Villager (Male) |
| 5:25 | Construir | House |
| 5:39 | Crear | Villager (Male) |
| 6:14 | Crear | Villager (Male) |
| 6:29 | Crear | Villager (Male) |
| 6:44 | Crear | Villager (Male) |
| 6:55 | Crear | Villager (Male) |
| 7:36 | Investigar | Loom |
| 7:44 | Investigar | Feudal Age |
| 7:57 | Construir | Mining Camp |
| 8:26 | Crear | Villager (Male) |
| 8:26 | Crear | Villager (Male) |
| 9:39 | Construir | Donjon |
| 10:07 | Crear | Villager (Male) |
| 10:11 | Edad | Edad Feudal |
| 10:21 | Construir | Mining Camp |
| 10:44 | Construir | Blacksmith |
| 11:11 | Crear | Serjeant |
| 11:17 | Construir | House |
| 11:18 | Construir | House |
| 11:20 | Investigar | Double-Bit Axe |
| 11:28 | Construir | Donjon |
| 11:37 | Crear | Villager (Male) |
| 11:44 | Investigar | Fletching |
| 12:01 | Crear | Villager (Male) |
| 12:02 | Crear | Serjeant |
| 12:18 | Crear | Villager (Male) |
| 12:20 | Crear | Serjeant |
| 12:41 | Crear | Serjeant |
| 12:41 | Crear | Serjeant |
| 12:42 | Crear | Villager (Male) |
| 12:48 | Construir | House |
| 12:49 | Construir | House |
| 12:53 | Construir | Farm |
| 12:55 | Construir | Farm |
| 13:01 | Crear | Villager (Male) |
| 13:27 | Crear | Villager (Male) |
| 13:44 | Crear | Villager (Male) |
| 13:57 | Construir | Lumber Camp |
| 14:01 | Crear | Serjeant |
| 14:02 | Crear | Serjeant |
| 14:10 | Construir | Farm |
| 14:11 | Construir | Farm |
| 14:18 | Construir | Farm |
| 14:20 | Construir | Farm |
| 14:24 | Crear | Serjeant |
| 14:25 | Crear | Serjeant |
| 14:39 | Construir | Donjon |
| 14:41 | Crear | Villager (Male) |
| 14:44 | Crear | Serjeant |
| 14:44 | Crear | Serjeant |
| 15:08 | Crear | Villager (Male) |
| 15:10 | Construir | Farm |
| 15:12 | Construir | Farm |
| 15:14 | Construir | Farm |
| 15:40 | Crear | Villager (Male) |
| 15:40 | Crear | Villager (Male) |
| 15:42 | Construir | Farm |
| 16:28 | Crear | Villager (Male) |
| 16:33 | Construir | House |
| 16:34 | Construir | House |
| 17:12 | Construir | Donjon |
| 17:20 | Crear | Villager (Male) |
| 17:24 | Construir | Farm |
| 17:25 | Construir | Farm |
| 17:33 | Construir | Farm |
| 17:36 | Construir | Farm |
| 17:43 | Investigar | Horse Collar |
| 18:29 | Crear | Villager (Male) |
| 18:29 | Crear | Villager (Male) |
| 18:32 | Construir | Farm |
| 18:33 | Construir | Farm |
| 18:35 | Construir | Farm |
| 18:57 | Crear | Villager (Male) |
| 19:02 | Construir | Farm |
| 19:09 | Construir | Market |
| 19:27 | Construir | Farm |
| 19:55 | Crear | Villager (Male) |
| 19:58 | Construir | Farm |
| 20:23 | Investigar | Castle Age |
| 20:37 | Construir | Donjon |
| 20:42 | Crear | Villager (Male) |
Cronología de la partida
| 9:09 | Krislar · first_building Barracks |
| 9:39 | squoshmosh · first_building Donjon |
| 9:41 | |FMG|DavidTG · age_up feudal |
| 9:43 | |FMG| Gral_Artigas · first_building Barracks |
| 9:48 | Nozyspy · first_building Barracks |
| 9:53 | Nozyspy · age_up feudal |
| 10:08 | Krislar · age_up feudal |
| 10:10 | Krislar · first_building Archery Range |
| 10:11 | squoshmosh · age_up feudal |
| 10:59 | |FMG| Lautreamont · first_building Barracks |
| 11:16 | |FMG| Gral_Artigas · wall_segment Palisade Wall x8 |
| 11:22 | |FMG| Lautreamont · age_up feudal |
| 11:32 | |FMG| Gral_Artigas · age_up feudal |
| 11:41 | |FMG| Lautreamont · first_building Stable |
| 11:55 | |FMG| Gral_Artigas · first_building Archery Range |
| 11:56 | Nozyspy · first_building Archery Range |
| 12:53 | |FMG| Gral_Artigas · wall_segment Palisade Wall x1 |
| 13:22 | |FMG|DavidTG · age_up castle |
| 13:38 | Krislar · age_up castle |
| 14:58 | |FMG|DavidTG · first_market_buy 100 stone |
| 15:01 | |FMG|DavidTG · first_market_sell 100 wood |
| 15:11 | |FMG|DavidTG · first_building Castle |
| 15:38 | |FMG|DavidTG · wall_segment Palisade Wall x8 |
| 15:52 | |FMG|DavidTG · wall_segment Palisade Wall x7 |
| 16:11 | |FMG| Lautreamont · age_up castle |
| 16:54 | |FMG| Gral_Artigas · wall_segment Palisade Wall x7 |
| 18:44 | Nozyspy · wall_segment Palisade Wall x7 |
| 18:50 | |FMG| Gral_Artigas · age_up castle |
| 19:27 | Krislar · first_building Stable |
| 19:39 | |FMG| Lautreamont · first_building Siege Workshop |
| 20:31 | |FMG|DavidTG · resign |
[ ANÁLISIS IA · 1 CRÉDITO ]
¿Qué pasó realmente en esta partida?
Wolo.gg analiza cada decisión: build order, eco, micro, errores típicos por bracket. Análisis personalizado por WhatsApp o Discord en 30 segundos.
Guía civ
Mongoles
Perfil
Jugador #4465309